Map: Ruins of Seras

Players

Noobricorn - Winner!

  • Race: Terran Terran
  • League: Diamond

FTL

  • Race: Zerg Zerg
  • League: Diamond

VOD

Have the link to the VOD?

Description

Time

  • Played on: Nov. 23, 2015, 6:22 p.m.
  • Length: 12:11
Show
View Real Time Build Order
Export as new Build Order

Noobricorn Terran - Winner!

Build Orders: Command Center First (CC), Burrowed Roaches 

Get SALT Encoding   

  12  0:01  SCV  
  13  0:13  SCV  
  14  0:22  Supply Depot  
  14  0:25  SCV  
  15  0:43  SCV  
  16  0:56  SCV  
  17  1:03  Command Center  
  17  1:08  SCV  
  18  1:19  Barracks  
  18  1:24  SCV  
  19  1:32  Refinery  
  19  1:36  SCV  
  19  1:39  Refinery  
  20  1:48  SCV  
  21  2:00  SCV  
  22  2:07  Supply Depot  
  22  2:08  Marine  
  23  2:15  SCV  
  24  2:23  Orbital Command  
  24  2:28  Factory, Marine  
  25  2:41  Orbital Command  
  24  2:46  Marine  
  25  2:51  Supply Depot  
  25  2:54  SCV  
  26  3:04  Marine  
  27  3:12  Starport  
  27  3:16  Starport  
  27  3:20  SCV  
  27  3:22  SCV  
  29  3:39  Bunker  
  29  3:40  Factory Tech Lab  
  29  3:43  SCV  
  29  3:44  SCV, Refinery  
  31  3:51  Starport Tech Lab  
  31  3:53  Starport Tech Lab  
  31  3:55  SCV  
  31  4:01  Siege Tank, Refinery  
  35  4:10  Marine  
  35  4:15  Supply Depot  
  35  4:16  SCV x2  
  38  4:18  Banshee  
  41  4:28  Marine  
  42  4:34  Banshee  
  42  4:35  Cloaking Field  
  45  4:46  SCV  
  45  4:47  SCV  
  47  4:54  Siege Tank  
  47  4:59  SCV x2  
  52  5:03  Marine  
  52  5:05  Banshee  
  56  5:11  SCV, Supply Depot  
  56  5:12  SCV  
  58  5:21  Marine  
  59  5:22  Supply Depot  
  59  5:23  SCV  
  59  5:24  SCV  
  61  5:32  Banshee  
  63  5:39  Marine  
  63  5:41  Siege Tank  
  63  5:48  Banshee  
  66  5:56  Marine  
  67  6:15  Banshee, Starport  
  67  6:17  Starport  
  70  6:24  Liberator  
  73  6:58  Starport Reactor  
  73  7:01  Starport Reactor  
  73  7:13  SCV x2  
  75  7:16  Siege Tank  
  75  7:18  Command Center  
  78  7:23  Command Center  
  78  7:24  Command Center  
  78  7:55  SCV x2  
  71  8:04  Liberator x2  
  71  8:07  SCV  
  72  8:13  Liberator x2  
  78  8:27  Supply Depot  
  78  8:29  Supply Depot x3  
  78  8:30  Banshee x2  
  90  8:47  Liberator  
  87  8:55  Liberator  
  87  8:58  Orbital Command  
  87  8:59  Orbital Command  
  87  9:00  Orbital Command  
  87  9:03  Siege Tank  
  93  9:12  Banshee  
  99  9:23  Orbital Command  
  99  9:28  Liberator x2  
  99  9:29  Liberator  
  99  9:37  Siege Tank  
  102  9:39  Banshee  
  114  9:55  Banshee  
  117  10:08  SCV, Refinery x2  
  117  10:09  SCV x4  
  122  10:16  Armory x2  
  122  10:20  SCV  
  122  10:21  SCV x2, Fusion Core  
  125  10:27  Banshee  
  128  10:40  Engineering Bay  
Show
View Real Time Build Order
Export as new Build Order

FTL Zerg 

Build Orders: Hatch First 

Get SALT Encoding   

  12  0:01  Drone  
  13  0:13  Overlord  
  13  0:19  Drone  
  14  0:26  Extractor  
  14  0:27  Drone  
  15  0:32  Drone  
  15  0:35  Drone  
  17  0:56  Drone  
  18  0:59  Hatchery  
  17  1:13  Spawning Pool  
  17  1:14  Drone  
  17  1:17  Drone  
  18  1:21  Extractor  
  17  1:29  Overlord  
  17  1:53  Drone x2  
  19  2:02  Queen  
  21  2:12  Queen  
  21  2:14  Zergling x2  
  21  2:15  Zergling x4  
  26  2:19  Drone  
  26  2:21  Drone  
  28  2:23  Metabolic Boost  
  28  2:27  Drone  
  29  2:42  Queen  
  31  2:44  Overlord  
  31  2:48  Queen  
  33  3:03  Roach Warren  
  33  3:04  Overlord  
  32  3:10  Spore Crawler  
  29  3:44  Roach  
  29  3:45  Roach x6  
  29  3:48  Drone x2  
  45  3:56  Drone  
  45  3:57  Drone  
  45  4:02  Drone x2  
  49  4:12  Overlord  
  49  4:27  Drone x2  
  49  4:30  Overlord  
  51  4:31  Overlord  
  51  4:34  Zergling x2  
  51  4:35  Zergling x8  
  51  4:38  Zergling x2  
  57  4:51  Drone  
  57  4:52  Drone x3  
  61  4:53  Drone  
  62  5:03  Ravager x3  
  65  5:09  Drone x2  
  65  5:12  Drone  
  68  5:14  Drone  
  68  5:18  Overlord  
  69  5:22  Hatchery  
  68  5:32  Extractor  
  64  5:39  Zergling x8  
  64  5:40  Zergling x8  
  70  5:48  Overlord  
  70  5:54  Lair  
  71  5:57  Drone, Extractor  
  71  5:59  Drone x3  
  73  6:26  Spore Crawler  
  73  6:30  Spore Crawler  
  66  7:16  Hydralisk Den  
  66  7:21  Ravager x3  
  56  8:05  Hatchery  
  55  8:07  Hydralisk  
  55  8:09  Hydralisk x2  
  55  8:10  Hydralisk x2  
  61  8:15  Zergling x22  
  61  8:16  Zergling x2  
  58  8:28  Spore Crawler x2  
  52  8:54  Hatchery  
  51  9:08  Hatchery  
  50  9:26  Drone  
  50  9:27  Drone x3, Queen  
  56  10:09  Drone x7  
  56  10:10  Drone x3  
  66  10:30  Drone x2  
  66  10:31  Spore Crawler, Drone x2  
  66  10:34  Lair  
  66  10:35  Drone x2  
  71  10:37  Drone  
  15  12:03  Spore Crawler x2  
Tags
 
Add a new tag
Caveats
  • Supply blocks, unpowered buildings, or Contaminate may cause inaccurate times.
  • Supply counts are checked every 10 seconds.